cohdb
Replays
Latest Replays
All Replays
Popular Replays
Top Player Replays
Match Explorer
How It Works
Community
CoH3 Stats
Reddit
Sign in to upload your games and track your stats! →
Sign in with Steam
Match 42231674
Unlisted
Match 42231674
Overview
Messages
Build Orders
End
Panzergrenadier Squad
Selects Panzerjäger Kommand Battlegroup
Selects Mine Fields
Panzerpioneer Squad
250 Light Carrier
Construct Light Support Kompanie
Combat Half-tracks
Selects GrB 39 Grenade Launcher Requisition
Panzerjäger Squad
Construct Mechanized Kompanie
Support Armor Elements
Assault Mechanized Group
StuG III D Assault Gun
Emergency Repair Kits
Selects Crew Shock Tactics
Assault Grenadier Squad
Construct Panzerarmee Kommand
Walking Stuka Rocket Launcher
Selects Anti-tank Overwatch
Vehicle Survival Package
Marder III Tank Destroyer
Veteran Squad Leaders
Marder III Tank Destroyer
Symbiosis
*Mule
HulkSMASH
⚓️Ruby⚓
0
0
Comments
sign in to comment!
No comments posted yet!